 Dungeon Crawl Stone Soup version 0.29.1-12-g30fa7ad0bf (webtiles) character file.

Game seed: 12102020692450202053

1869 Gabide the Ruffian (level 8, -3/65 HPs)
             Began as a Mummy Berserker on Jan 12, 2023.
             Was an Elder of Trog.
             Slain by an orc warrior
             ... wielding a +0 war axe
              (11 damage)
             ... on level 7 of the Dungeon.
             The game lasted 00:12:34 (6185 turns).

Gabide the Ruffian (Mummy Berserker)                Turns: 6185, Time: 00:12:34

Health: -3/65      AC:  9    Str: 22    XL:     8   Next: 90%
Magic:  17/17      EV: 13    Int:  6    God:    Trog [****..]
Gold:   636        SH:  0    Dex: 12    Spells: 7/7 levels left

rFire   . . .      SeeInvis .     - Unarmed
rCold   + . .      Faith    .   (no shield)
rNeg    + + +      Spirit   .   c - +3 leather armour {rF+}
rPois   ∞          Reflect  .   (no helmet)
rElec   .          Harm     .   d - +0 cloak
rCorr   .          Rampage  .   k - +1 pair of gloves
Will    +....                   (no boots)
Stlth   ..........              g - amulet of regeneration
HPRegen 1.00/turn               a - ring of magical power
MPRegen 0.15/turn               (no ring)

@: silenced
A: cold resistance 1, negative energy resistance 3, torment resistance 2, heat
vulnerability 1, in touch with death 1, no potions
a: Renounce Religion


You were on level 7 of the Dungeon.
You worshipped Trog.
Trog was greatly pleased with you.
You visited 1 branch of the dungeon, and saw 7 of its levels.
You also visited: Ossuary.

You collected 936 gold pieces.
You spent 300 gold pieces at shops.

Inventory:

Missiles
 j - 9 poisoned darts (quivered)
 p - 4 curare-tipped darts
Armour
 c - a +3 leather armour of fire resistance (worn)
 d - a +0 cloak (worn)
 k - a +1 pair of gloves (worn)
Jewellery
 a - a ring of magical power (left hand)
 g - an amulet of regeneration (around neck)
Wands
 i - a wand of polymorph (12)
 o - a wand of flame (18)
Scrolls
 b - a scroll of blinking
 e - 6 scrolls of teleportation
 f - a scroll of silence
 h - a scroll of fear
 l - 2 scrolls of poison
 m - 2 scrolls of enchant weapon
 n - 2 scrolls of identify
 q - a scroll of magic mapping {unknown}


   Skills:
 + Level 6.5 Fighting
 - Level 1.5 Armour
 + Level 5.0 Dodging
 * Level 7.3 Unarmed Combat


You had 7 spell levels left.
You didn't know any spells.
Your spell library was empty.

Dungeon Overview and Level Annotations

Branches:
Dungeon (7/15)             Temple (0/1) D:6         Ossuary (visited)

Altars:
Ashenzari
Kikubaaqudgha
Qazlal
Ru
Sif Muna
Vehumet
Yredelemnul

Shops:
D:4 [   D:5 *


Innate Abilities, Weirdness & Mutations

You are immune to poison.
Your flesh is cold resistant. (rC+)
You are immune to negative energy. (rN+++)
You are immune to unholy pain and torment.
You are vulnerable to heat. (rF-)
You are in touch with the powers of death.
You do not drink.


Message History

You punch the orc!
You kill the orc!
Trog accepts your kill.
You hear a bark!
The orc warrior hits you with a +0 war axe!
Things that are here:
a +0 short sword; a +0 dagger; a +0 robe You hit the orc warrior.
You punch the orc warrior, but do no damage.
The orc warrior is lightly wounded.
The orc warrior hits you with a +0 war axe!
You hit the orc warrior but do no damage.
The orc warrior is lightly wounded.
You hit the orc warrior but do no damage.
The orc warrior is lightly wounded.
The orc warrior hits you with a +0 war axe!
You are too injured to fight recklessly!
You are too injured to fight recklessly!
You are too injured to fight recklessly!
You are too injured to fight recklessly!
You are too injured to fight recklessly!
You are too injured to fight recklessly!
You are too injured to fight recklessly!
You are too injured to fight recklessly!
You are too injured to fight recklessly!
You are too injured to fight recklessly!
You are too injured to fight recklessly!
You are too injured to fight recklessly!
You are too injured to fight recklessly!
You are too injured to fight recklessly!
You are too injured to fight recklessly!
You are too injured to fight recklessly!
The orc warrior attacks as you move away!
The orc warrior hits you with a +0 war axe!!
* * * LOW HITPOINT WARNING * * *
Okay, then.
As you read the scroll of silence, it crumbles to dust.
A profound silence engulfs you.
The orc warrior hits you with a +0 war axe!
You die...

##.....#
.#......#
.......o#
......## ......
#!.! #
####..######...#
#....oo@.$......
#...).#######...
#.....# #.....#
#.....# #####.#
#.# #.# #.#


You could see an orc warrior and an orc.

Vanquished Creatures
  A steam dragon (D:6)
  A water moccasin (D:6)
  An orc warrior (D:6)
  A black bear (D:4)
  An ogre (D:5)
  A centaur (D:5)
  2 phantoms
  A bullfrog (D:7)
  A necrophage (D:5)
  4 scorpions
  2 centaur zombies (Ossuary)
  A human zombie (Ossuary)
  5 orc priests
  An iguana (D:5)
  10 orc wizards
  2 mummies (Ossuary)
  4 gnolls (D:4)
  4 adders
  An ufetubus (D:5)
  2 adder zombies (Ossuary)
  3 worms
  18 orcs
  8 ball pythons
  10 bats
  9 endoplasms
  4 giant cockroaches
  7 goblins
  6 hobgoblins
  3 quokkas
  4 frilled lizards
  2 goblin zombies (Ossuary)
  9 hobgoblin zombies (Ossuary)
  9 kobolds
  13 kobold zombies (Ossuary)
  7 orc zombies (Ossuary)
  3 rats
  A rat zombie (Ossuary)
162 creatures vanquished.

Vanquished Creatures (others)
  An orc wizard (D:6)
1 creature vanquished.

Grand Total: 163 creatures vanquished

Notes
Turn   | Place    | Note
-------+----------+-------------------------------------------
     0 | D:1      | Gabide the Mummy Berserker began the quest for the Orb.
     0 | D:1      | Reached XP level 1. HP: 18/18 MP: 1/1
   184 | D:1      | Found a faded altar of an unknown god.
   458 | D:1      | Reached XP level 2. HP: 24/24 MP: 2/2
  1119 | D:2      | Reached skill level 3 in Unarmed Combat
  1390 | D:1      | Gained mutation: You are in touch with the powers of death.
                  | [Mummy growth]
  1390 | D:1      | Reached XP level 3. HP: 26/29 MP: 3/3
  1495 | D:2      | Reached ** piety under Trog
  1928 | D:2      | Reached XP level 4. HP: 35/35 MP: 4/4
  2280 | D:3      | HP: 1/35 [orc/+0 hand axe (5)]
  2386 | D:3      | Reached XP level 5. HP: 38/42 MP: 5/5
  2733 | D:3      | Identified a scroll of acquirement
  2734 | D:3      | Acquired 616 gold pieces
  2824 | D:4      | Found a stormy altar of Qazlal.
  2961 | D:4      | Reached skill level 4 in Unarmed Combat
  2974 | D:4      | Reached XP level 6. HP: 46/48 MP: 6/6
  3098 | D:4      | Found Joshruud's Armour Shoppe.
  3106 | D:4      | Bought a +3 leather armour of fire resistance for 240 gold
                  | pieces
  3151 | D:4      | Found a basalt altar of Yredelemnul.
  3591 | D:5      | Entered Level 5 of the Dungeon
  3673 | D:5      | Reached *** piety under Trog
  3685 | D:5      | Reached skill level 5 in Unarmed Combat
  3685 | D:5      | Reached XP level 7. HP: 51/55 MP: 7/7
  3841 | D:5      | Reached skill level 5 in Fighting
  4019 | D:5      | Found a sand-covered staircase.
  4024 | Ossuary  | Entered an ossuary
  4157 | Ossuary  | Reached **** piety under Trog
  4239 | Ossuary  | Reached skill level 6 in Unarmed Combat
  4239 | Ossuary  | Reached XP level 8. HP: 63/63 MP: 8/8
  4300 | D:5      | Found Ozxi's General Store.
  4308 | D:5      | Bought a scroll of identify for 24 gold pieces
  4308 | D:5      | Bought a scroll of teleportation for 36 gold pieces
  4418 | D:5      | Found a sacrificial altar of Ru.
  5483 | D:6      | Found a broken altar of Ashenzari.
  5529 | D:6      | Found a staircase to the Ecumenical Temple.
  5672 | D:6      | Found a radiant altar of Vehumet.
  5685 | D:6      | Found an ancient bone altar of Kikubaaqudgha.
  5698 | D:6      | Reached skill level 7 in Unarmed Combat
  5729 | D:6      | Found a shimmering blue altar of Sif Muna.
  6171 | D:7      | Reached skill level 5 in Dodging
  6185 | D:7      | Slain by an orc warrior

Illustrated notes

Levels and vault maps discovered:
D:1:      evilmike_arrival_grusome_pit, layout_basic,
          hellmonk_ecumenical_altar_prayer_group, hex_tiny
D:2:      layout_loops_ring
D:3:      layout_basic
D:4:      layout_loops_cross, mainiacjoe_overflow_alcove_2,
          nicolae_qazlal_scattered_showers, serial_shops, shop_fountains
D:5:      layout_basic, marbit_many_paths, serial_bayou, serial_bayou_shore_b,
          serial_bayou_ford_a, serial_bayou_pond_c, serial_bayou_pond_c,
          serial_shops, nicolae_shop_temple_entry_statues_fountains,
          enter_ossuary_2, st_stairs_8, minmay_misc_feat_plants
D:6:      nicolae_cairo_tiling_large_dashed, layout_gridville,
          palyth_temple_overflow_mages, kennysheep_little_box, temple_hall
D:7:      layout_basic, lemuel_round_altar

Skill      XL: |  1  2  3  4  5  6  7  8 |
---------------+-------------------------+-----
Unarmed Combat | 3 4 5 6 7 |  7.3
Dodging        | 2 3 4 5 |  5.0
Fighting       | 4 5 6 |  6.5
Armour         | |  1.5

Action                   |  1- 3 |  4- 6 |  7- 9 || total
-------------------------+-------+-------+-------++-------
Melee: Unarmed           |   170 |   176 |   384 ||   730
       Punch             |     5 |    13 |    18 ||    36
Throw: Dart              |       |    21 |    17 ||    38
Invok: Trog's Hand       |       |     5 |     7 ||    12
  Use: Scroll            |       |     7 |     4 ||    11
Armor: Animal skin       |    45 |    15 |       ||    60
       Ring mail         |       |    20 |       ||    20
       Leather armour    |       |    30 |   146 ||   176
Dodge: Dodged            |   103 |   105 |   176 ||   384
